 Dungeon Crawl Stone Soup version 0.28.0-53-g5a82cb258f (webtiles) character file.

Game seed: 4336212891513794212

26 Sin92 the Chiller (level 2, -1/20 HPs)
             Began as a Demonspawn Ice Elementalist on July 29, 2022.
             Slain by a gnoll
             ... wielding a +0 halberd
              (8 damage)
             ... on level 2 of the Dungeon.
             The game lasted 00:04:37 (1942 turns).

Sin92 the Chiller (Demonspawn Ice Elementalist)     Turns: 1942, Time: 00:04:38

Health: -1/20      AC:  3    Str:  8    XL:     2   Next: 89%
Magic:  5/5        EV:  9    Int: 16    God:
Gold:   35         SH: 11    Dex: 13    Spells: 4/5 levels left

rFire   . . .      SeeInvis .   b - +0 whip
rCold   . . .      Faith    .   h - +0 kite shield
rNeg    . . .      Spirit   .   i - +0 leather armour
rPois   +          Reflect  .   (no helmet)
rElec   .          Harm     .   (no cloak)
rCorr   +          Rampage  .   (no gloves)
Will    .....                   (no boots)
Stlth   ++........              (no amulet)
HPRegen 0.06/turn               c - ring of poison resistance
MPRegen 0.09/turn               e - ring of resist corrosion

@: flying
A: large bone plates 1
a: no special abilities


You were on level 2 of the Dungeon.
You visited 1 branch of the dungeon, and saw 2 of its levels.

You collected 35 gold pieces.

Inventory:

Hand Weapons
 b - a +0 whip (weapon)
Missiles
 d - a throwing net
Armour
 a - a +0 robe
 h - a +0 kite shield (worn)
 i - a +0 leather armour (worn)
Jewellery
 c - a ring of poison resistance (left hand)
 e - a ring of resist corrosion (right hand)


   Skills:
 + Level 0.6 Fighting
 * Level 1.1 Maces & Flails
 + Level 2.0 Dodging
 + Level 2.0 Stealth
 + Level 2.1 Spellcasting
 + Level 3.7 Ice Magic


You had 4 spell levels left.
You knew the following spells:

 Your Spells              Type           Power      Damage    Failure   Level
a - Freeze                Ice            52%        1d7       24%         1

Your spell library contained the following spells:

 Spells                   Type           Power      Damage    Failure   Level
 Frozen Ramparts          Ice            26%        1d4       56%         3
 Ozocubu's Armour         Ice            13%        N/A       56%         3
 Sublimation of Blood     Necr           1%         N/A       86%         2
 Hailstorm                Conj/Ice       7%         3d4       99%         4
 Petrify                  Tmut/Erth      1%         N/A       100%        4
 Irradiate                Conj/Tmut      0%         3d13      100%        5


Dungeon Overview and Level Annotations

Branches:
Dungeon (2/15)

Altars:


Innate Abilities, Weirdness & Mutations

You are partially covered in large bone plates. (SH +4)


Message History

Found a dagger.
A gnoll is nearby!
A goblin comes into view. It is wielding a +0 dagger.
The gnoll shouts!
You hear a shout!
There are monsters nearby! 2 gnolls come into view.
The gnoll shouts! x2
The gnoll hits you with a +0 halberd!
Ouch! That really hurt!
You are too injured to fight recklessly!
There are monsters nearby!
There are monsters nearby!
You are too injured to fight recklessly!
You are too injured to fight recklessly!
Unknown command.
You block the goblin's attack.
A giant cockroach comes into view.
You aren't carrying any scrolls.
It was a potion of heal wounds.
You feel much better. You block the goblin's attack.
It was a potion of flight.
You feel very buoyant.
You fly up into the air.
The goblin hits you but does no damage. The gnoll closely misses you.
Okay, then.
You miss the goblin. The goblin hits you with a +0 dagger.
The gnoll hits you from afar with a +0 halberd.
You block the gnoll's attack. The goblin hits you with a +0 dagger.
You hit the goblin.
You kill the goblin!
The gnoll barely misses you.
The gnoll hits you from afar with a +0 spear.
You block the gnoll's attack.
You hit the giant cockroach.
The giant cockroach is moderately wounded.
The giant cockroach bites you but does no damage.
The gnoll hits you from afar with a +0 spear.
You block the giant cockroach's attack.
The gnoll hits you from afar with a +0 halberd!
You die...

######.## ##.## ### #...#
..# #...##### #.#
#...#...# #.# #...#...####
# #.#######...#.......
.#.##.#g##...............#
.......gB@...............#
.......g##...............#
..###.#.#######...#...#.##
#).#.# #...#....... #. #.#
#...#......# #. #.#
#...####.... . ..# #...#
#...# ## ##.########.##
##### .........#.##


You could see 3 gnolls and a giant cockroach.

Vanquished Creatures
  An adder (D:2)
  An endoplasm (D:1)
  3 giant cockroaches
  2 hobgoblins (D:2)
  3 ball pythons (D:1)
  3 bats
  2 frilled lizards (D:1)
  3 goblins
18 creatures vanquished.

Notes
Turn   | Place    | Note
-------+----------+-------------------------------------------
     0 | D:1      | Sin92 the Demonspawn Ice Elementalist began the quest for
                  | the Orb.
     0 | D:1      | Reached XP level 1. HP: 13/13 MP: 3/3
   385 | D:1      | Found a faded altar of an unknown god.
   608 | D:1      | Gained mutation: You are partially covered in large bone
                  | plates. (SH +4) [demonic ancestry]
   608 | D:1      | Reached XP level 2. HP: 15/19 MP: 0/5
  1593 | D:2      | Reached skill level 1 in Maces & Flails
  1942 | D:2      | Slain by a gnoll

Illustrated notes

Levels and vault maps discovered:
D:1:      dpeg_arrival_tiny_j, layout_basic,
          shapermc_ecumenical_altar_mp_urbaneastern, amethyst_killhole
D:2:      layout_loops_cross

Skill      XL: |  1  2 |
---------------+-------+-----
Dodging        | 2 |  2.0
Stealth        | 2 |  2.0
Maces & Flails | 1 |  1.1
Fighting       | |  0.6
Spellcasting   | |  2.1
Ice Magic      | |  3.7

Action                   || total
-------------------------++-------
Melee: Whip              ||    67
       Unarmed           ||     1
       Punch             ||     1
 Cast: Freeze            ||    12
  Use: Potion            ||     2
       Scroll            ||     1
 Stab: Sleeping          ||     4
Armor: Robe              ||    18
       Leather armour    ||     4
Dodge: Dodged            ||    45
Block: Kite shield       ||    11
       Other             ||     7
